 Dungeon Crawl Stone Soup version 0.29.1-2-gbd0b4ee654 (webtiles) character file.

Game seed: 13041619244825452623

4266 styxcanada the Covert (level 10, -5/51 HPs)
             Began as a Spriggan Brigand on Nov 16, 2022.
             Was an Initiate of Gozag.
             Slain by a sun demon (17 damage)
             ... summoned by a kobold demonologist
             ... on level 9 of the Dungeon.
             The game lasted 00:41:56 (10367 turns).

styxcanada the Covert (Spriggan Brigand)           Turns: 10367, Time: 00:41:57

Health: -5/51      AC:  9    Str:  7    XL:     10   Next: 10%
Magic:  16/16      EV: 24    Int: 13    God:    Gozag
Gold:   496        SH:  0    Dex: 23    Spells: 12/15 levels left

rFire   . . .      SeeInvis +   r - +3 short sword (venom)
rCold   . . .      Faith    .   (no shield)
rNeg    . . .      Spirit   .   b - +0 robe
rPois   .          Reflect  .   j - +2 hat
rElec   .          Harm     .   c - +0 cloak
rCorr   +          Rampage  .   (gloves unavailable)
Will    ++...                   (boots unavailable)
Stlth   ++++++....              (no amulet)
HPRegen 0.17/turn               n - +4 ring of protection
MPRegen 0.15/turn               G - ring of Lugonu's Anger {Will+ rCorr Dex+2}

@: studying Armour, very quick
A: very small, no large weapons, unfitting armour, see invisible, speed 3
a: Renounce Religion, Potion Petition, Call Merchant, Bribe Branch


You were on level 9 of the Dungeon.
You worshipped Gozag.
Gozag was aware of your devotion.
You visited 2 branches of the dungeon, and saw 10 of its levels.

You collected 927 gold pieces.
You spent 295 gold pieces at shops.
You paid 136 gold pieces to Gozag.

Inventory:

Hand Weapons
 a - a +3 dagger of venom
 k - a +1 sling
 r - a +3 short sword of venom (weapon)
Missiles
 d - 38 poisoned darts (quivered)
 e - 3 curare-tipped darts
 l - 103 stones
 D - a throwing net
Armour
 b - a +0 robe (worn)
 c - a +0 cloak (worn)
 j - a +2 hat (worn)
Magical Staves
 C - a staff of fire
Jewellery
 n - a +4 ring of protection (left hand)
 t - an amulet of faith
 y - a ring of protection from cold
 E - a ring of positive energy
 G - the ring of Lugonu's Anger (right hand) {Will+ rCorr Dex+2}
   (You bought it in a shop on level 3 of the Dungeon)

   [ring of willpower]

   Dex:       It affects your dexterity (+2).
   rCorr:     It protects you from acid and corrosion.
   Will:      It increases your willpower.
Wands
 g - a wand of flame (42)
 B - a wand of paralysis (32)
 F - a wand of digging (4)
Scrolls
 h - a scroll of immolation
 o - 2 scrolls of enchant armour
 q - 2 scrolls of teleportation
 A - a scroll of butterflies
 H - a scroll of poison
 J - 4 scrolls of identify
Potions
 f - 3 potions of haste
 i - 2 potions of flight
 m - a potion of curing
 p - a potion of mutation
 s - 2 potions of lignification
 u - a potion of berserk rage
 v - 3 potions of ambrosia
 w - 3 potions of magic
 x - a potion of brilliance
 z - 3 potions of heal wounds


   Skills:
 * Level 4.3 Fighting
 + Level 5.9 Short Blades
 + Level 1.8 Ranged Weapons
 + Level 5.1 Throwing
 * Level 7.8 Dodging
 * Level 12.8 Stealth
 * Level 3.4 Spellcasting
 * Level 1.5 Conjurations
 * Level 1.6 Fire Magic
 * Level 6.4 Evocations


You had 12 spell levels left.
You knew the following spells:

 Your Spells              Type           Power      Damage    Failure   Level
a - Conjure Flame         Conj/Fire      6%         6-21      34%         3

Your spell library contained the following spells:

 Spells                   Type           Power      Damage    Failure   Level
 Sandblast                Erth           4%         2d4       22%         1
 Passwall                 Tmut/Erth      1%         N/A       32%         2
 Sublimation of Blood     Necr           2%         N/A       32%         2
 Wereblood                Tmut           2%         N/A       32%         2
 Stone Arrow              Conj/Erth      8%         3d7       43%         3
 Ignite Poison            Fire/Tmut/Pois 3%         N/A       45%         3
 Sticky Flame             Conj/Fire      6%         2d3       75%         4
 Malign Gateway           Summ/Tloc      1%         N/A       100%        7
 Summon Hydra             Summ           1%         N/A       100%        7
 Summon Horrible Things   Summ           1%         N/A       100%        8


Dungeon Overview and Level Annotations

Branches:
Dungeon (9/15)             Temple (1/1) D:6
   Lair: D:8-11         Orc: D:9-12

Altars:
Ashenzari
Cheibriados
Dithmenos
Elyvilon
Fedhas
Gozag
Kikubaaqudgha
Makhleb
Nemelex Xobeh
Okawaru
Qazlal
Ru
Sif Muna
Uskayaw
Vehumet
Wu Jian
Xom
Yredelemnul
The Shining One

Shops:
D:3 *   D:6 =   D:7 ?


Innate Abilities, Weirdness & Mutations

You are very small and have problems with some larger weapons.
You are too small for most types of armour.
You have supernaturally acute eyesight. (SInv)
You cover ground extremely quickly. (Speed+++)


Message History

You see here a ring of positive energy.
The kobold demonologist begins to cast a cantrip, but forgets the words!
You closely miss the kobold demonologist.
You punch the kobold demonologist, but do no damage.
You hit the kobold demonologist.
The kobold demonologist is poisoned.
The kobold demonologist is lightly wounded.
The kobold demonologist hits you with a +0 dagger.
You hit the kobold demonologist but do no damage.
The kobold demonologist looks as sick as possible!
The kobold demonologist is lightly wounded.
The kobold demonologist completely misses you.
You hit the kobold demonologist.
The kobold demonologist looks as sick as possible!
The kobold demonologist is lightly wounded.
The kobold demonologist closely misses you.
You barely miss the kobold demonologist.
The kobold demonologist is lightly wounded.
The kobold demonologist gestures wildly while chanting.
You hit the kobold demonologist.
The kobold demonologist is moderately wounded.
You hit the kobold demonologist but do no damage.
The kobold demonologist looks as sick as possible!
The kobold demonologist is moderately wounded.
The sun demon hits you.
You are engulfed in flames!
The kobold demonologist gestures wildly while chanting.
You hit the kobold demonologist.
The kobold demonologist is heavily wounded.
The white imp disappears in a puff of smoke!
The sun demon hits you!
You are engulfed in flames!
* * * LOW HITPOINT WARNING * * *
The kobold demonologist completely misses you.
You hit the kobold demonologist.
The kobold demonologist is heavily wounded.
The sun demon closely misses you.
The kobold demonologist completely misses you.
The iron imp misses you.
Unknown command.
The sun demon hits you!
You die...
Your body crumbles into a pile of gold.

#.....#........#......#..#+#.'
#.....#.>......#......####.###
#.....#'########.........)....
#..........................###
#..........................#..
#....########+#####........#..
#....#............#........'..
#....#............#........###
#....#......=@#####...........
#....#......3.#.............##
#....#[.....5.K)............#
#....##########5............#
#...........................#
##...........................#
#..........##############'#..##
###.######.# .......<...#....
#.# #.# ...........#....


You could see a sun demon (summoned), a kobold demonologist (extremely
poisoned), an iron imp (summoned) and a white imp (summoned).

Vanquished Creatures
  A two-headed ogre (D:6)
  Joseph (D:9)
  A hornet (D:7)
  Sigmund (D:4)
  Grum (D:8)
  Edmund (D:6)
  A water moccasin (D:4)
  2 ice beasts
  2 ogres
  2 black bears
  A sky beast (D:7)
  2 wolves (D:8)
  3 kobold brigands (D:8)
  2 bullfrogs
  2 gnoll sergeants
  A necrophage (D:7)
  A scorpion (D:5)
  7 wights
  5 killer bees (D:9)
  A howler monkey (D:6)
  2 jellies
  A hound (D:5)
  A gnoll bouda (D:5)
  An iguana (D:7)
  Natasha (thrice) (D:2)
  Terence (D:2)
  2 orc wizards
  Robin (D:4)
  20 gnolls
  5 adders
  A white imp (D:5)
  2 worms
  2 dart slugs
  9 orcs
  4 bats
  4 endoplasms
  A giant cockroach (D:4)
  15 goblins
  13 hobgoblins
  11 jackals
  3 quokkas
  3 ball pythons
  2 frilled lizards
  64 kobolds
  7 rats (D:1)
216 creatures vanquished.

Notes
Turn   | Place    | Note
-------+----------+-------------------------------------------
     0 | D:1      | styxcanada the Spriggan Brigand began the quest for the
                  | Orb.
     0 | D:1      | Reached XP level 1. HP: 10/10 MP: 2/2
    70 | D:1      | Reached skill level 6 in Stealth
   350 | D:1      | Reached XP level 2. HP: 14/14 MP: 3/3
   771 | D:1      | Found a faded altar of an unknown god.
  1089 | D:2      | Noticed Terence
  1105 | D:2      | Reached skill level 7 in Stealth
  1105 | D:2      | Reached XP level 3. HP: 12/18 MP: 4/4
  1143 | D:2      | Noticed Natasha
  1457 | D:2      | Killed Terence
  1503 | D:2      | Reached XP level 4. HP: 23/23 MP: 5/5
  1580 | D:2      | Killed Natasha
  1646 | D:2      | Identified the +3 pair of gloves of the Enchanted Forest
                  | {rPois}
  1648 | D:2      | Noticed Natasha
  1662 | D:2      | Killed Natasha
  1779 | D:2      | Noticed Natasha
  1790 | D:2      | Killed Natasha
  1791 | D:2      | Reached skill level 8 in Stealth
  1791 | D:2      | Reached XP level 5. HP: 10/26 MP: 6/6
  2240 | D:3      | Found Tuepp's Assorted Antiques.
  2244 | D:3      | Bought a scroll labelled QUHUESTO MOUTOO for 23 gold pieces
  2521 | D:3      | Reached skill level 1 in Evocations
  2530 | D:3      | Reached XP level 6. HP: 30/30 MP: 7/7
  2915 | D:4      | Found a broken altar of Ashenzari.
  3203 | D:4      | Noticed Robin
  3251 | D:4      | Killed Robin
  3516 | D:4      | Found a white marble altar of Elyvilon.
  3583 | D:4      | Noticed Sigmund
  3612 | D:4      | Killed Sigmund
  3613 | D:4      | Reached skill level 9 in Stealth
  3613 | D:4      | Reached XP level 7. HP: 18/35 MP: 8/8
  4893 | D:4      | Reached skill level 5 in Dodging
  5178 | D:5      | Entered Level 5 of the Dungeon
  5617 | D:5      | Reached skill level 10 in Stealth
  5617 | D:5      | Reached XP level 8. HP: 39/39 MP: 9/9
  5732 | D:5      | Reached skill level 1 in Ranged Weapons
  6070 | D:5      | Found a hide-covered altar of Uskayaw.
  6202 | D:5      | Found a shimmering blue altar of Sif Muna.
  6354 | D:6      | Noticed Edmund
  6615 | D:6      | Noticed a two-headed ogre
  6669 | D:6      | Killed a two-headed ogre
  6670 | D:6      | Reached skill level 11 in Stealth
  6670 | D:6      | Reached skill level 5 in Evocations
  6739 | D:6      | Found Fuoneos's Jewellery Emporium.
  6790 | D:6      | Found a staircase to the Ecumenical Temple.
  6799 | Temple   | Entered the Ecumenical Temple
  6844 | Temple   | Became a worshipper of Gozag Ym Sagoz the Greedy
  7121 | D:6      | Killed Edmund
  7122 | D:6      | Reached skill level 5 in Short Blades
  7122 | D:6      | Reached XP level 9. HP: 31/45 MP: 10/10
  7501 | D:3      | Bought a copper wand for 92 gold pieces
  7501 | D:3      | Bought a fine wooden ring for 115 gold pieces
  7501 | D:3      | Identified the ring of Lugonu's Anger {Will+ rCorr Dex+2}
                  | (You bought it in a shop on level 3 of the Dungeon)
  7711 | D:7      | Learned a level 3 spell: Conjure Flame
  7836 | D:7      | Found Otamei Duwe's Magic Scroll Boutique.
  7846 | D:7      | Bought a scroll of noise for 13 gold pieces
  7846 | D:7      | Bought a scroll of identify for 26 gold pieces
  7846 | D:7      | Bought a scroll of identify for 26 gold pieces
  7888 | D:7      | Reached skill level 12 in Stealth
  7927 | D:7      | Identified the +0 pair of gloves "Egaebucryr" {Regen+ Str-2
                  | Int+7}
  8208 | D:7      | Reached skill level 5 in Throwing
  8208 | D:7      | Reached skill level 1 in Spellcasting
  8611 | D:8      | Noticed Grum
  8648 | D:8      | Reached skill level 1 in Fire Magic
  8677 | D:8      | Reached skill level 1 in Conjurations
  8682 | D:8      | Killed Grum
  9024 | D:8      | Identified the +11 long sword of Jaumobai {spect, Fragile
                  | Will- Dex+8 Stlth+}
  9734 | D:9      | Noticed Joseph
  9738 | D:9      | Killed Joseph
  9870 | D:9      | Reached XP level 10. HP: 50/50 MP: 15/15
  9876 | D:9      | Identified the +7 broad axe of the Brain {vorpal, rCorr}
  9994 | D:9      | Found a faded altar of an unknown god.
  9994 | D:9      | Found a shimmering altar of Xom.
 10001 | D:9      | Found a sacrificial altar of Ru.
 10003 | D:9      | Found a radiant altar of Vehumet.
 10005 | D:9      | Found an ancient bone altar of Kikubaaqudgha.
 10363 | D:9      | Noticed a sun demon
 10367 | D:9      | Slain by a sun demon

Illustrated notes

Levels and vault maps discovered:
D:1:      evilmike_arrival_crescent, layout_loops_ring,
          dilly_ecumenical_altar_fadedgnrine, serial_bayou_pond_e,
          nrook_mini_vaults, hangedman_decor_push
D:2:      layout_rooms, uniq_natasha, uniq_terence
D:3:      layout_loops_ring, serial_shops, shop, moated_statue
D:4:      minmay_goblin_kobold_castle, layout_gridville,
          ashenzari_conservatory_becter, elyvilon_altar_1, uniq_robin,
          uniq_sigmund
D:5:      layout_basic, old_standard_altar, amcnicky_altar_gilded,
          kennysheep_generic_room_7
D:6:      layout_basic, minmay_temple_entry_statues_fountains, serial_shops,
          nicolae_square_shop, uniq_edmund
D:7:      layout_loops_cross, serial_shops, shop
D:8:      layout_basic, uniq_grum
D:9:      layout_irregular_city, chequers_temple_overflow_minitemple,
          uniq_joseph
Temple:   nicolae_temple_bog_church

Skill      XL: |  1  2  3  4  5  6  7  8  9 |
---------------+----------------------------+-----
Stealth        | 6 7 8 9 10 11 12 | 12.8
Dodging        | 2 3 4 5 6 7 |  7.8
Fighting       | 2 3 4 |  4.3
Short Blades   | 3 4 5 |  5.9
Evocations     | 1 2 3 5 6 |  6.4
Throwing       | 3 4 5 |  5.1
Ranged Weapons | 1 |  1.8
Spellcasting   | 3 |  3.4
Fire Magic     | 1 |  1.6
Conjurations   | 1 |  1.5

Action                   |  1- 3 |  4- 6 |  7- 9 | 10-12 || total
-------------------------+-------+-------+-------+-------++-------
Melee: Dagger            |    98 |    82 |       |       ||   180
       Punch             |     3 |     2 |     7 |     1 ||    13
       Short sword       |       |    36 |   296 |    32 ||   364
 Fire: Sling             |       |    13 |    11 |       ||    24
Throw: Dart              |    19 |    49 |    53 |       ||   121
Evoke: Wand              |       |       |    15 |     2 ||    17
  Use: Scroll            |     5 |     6 |     9 |     1 ||    21
       Potion            |       |     1 |       |     2 ||     3
 Stab: Sleeping          |    12 |    10 |    23 |       ||    45
       Distracted        |       |     1 |     3 |       ||     4
       Invisible         |       |       |       |     1 ||     1
Armor: Robe              |    26 |    21 |    57 |     3 ||   107
Dodge: Dodged            |    71 |   103 |   269 |    55 ||   498
